 Dungeon Crawl Stone Soup version 0.31-a0-187-gba352fbbf7 (webtiles) character file.

Game seed: 13739836570203522066

192 qw the Skirmisher (level 5, -1/29 HPs)
             Began as a Deep Elf Hunter on June 22, 2023.
             Slain by Menkaure (18 damage)
             ... on level 4 of the Dungeon.
             The game lasted 00:00:30 (1377 turns).

qw the Skirmisher (Deep Elf Hunter)                 Turns: 1377, Time: 00:00:31

Health: -1/29      AC:  5    Str: 10    XL:     5   Next: 42%
Magic:  7/7        EV: 11    Int: 14    God:
Gold:   182        SH:  0    Dex: 18    Spells: 4/4 levels left

rFire   . . .        Y - +0 shortbow (drain)
rCold   . . .        (shield currently unavailable)
rNeg    . . .        d - +0 ring mail
rPois   .            (no helmet)
rElec   .            (no cloak)
rCorr   .            (no gloves)
SInv    .            (no boots)
Will    .....        (no amulet)
Stlth   +            (no ring)
HPRegen 0.24/turn    (no ring)
MPRegen 0.10/turn

%: no passive effects
@: no status effects
A: no striking features
a: no special abilities


You were on level 4 of the Dungeon.
You visited 1 branch of the dungeon, and saw 4 of its levels.

You collected 182 gold pieces.


   Skills:
 + Level 1.5 Fighting
 - Level 9.0 Ranged Weapons
 - Level 2.4 Dodging
 - Level 1.2 Stealth


You had 4 spell levels left.
You didn't know any spells.
Your spell library was empty.

Inventory:

Hand Weapons
 Y - a +0 shortbow of draining (weapon)
Armour
 d - a +0 ring mail (worn)
Potions
 e - a potion of cancellation {unknown}
 f - a potion of resistance {unknown}
 h - a potion of curing

Dungeon Overview and Level Annotations

Branches:
Dungeon (4/15)
 Temple: D:4-7

Altars:
Gozag

Annotations:
D:4 Menkaure


Message History

The kobold shouts!
You hear a shout! x2
Enter note: You shoot an arrow.
The arrow hits the kobold.
You kill the kobold!
A centaur comes into view.
You shoot an arrow. The arrow hits the centaur.
You drain the centaur.
The centaur is heavily wounded.
You shoot an arrow. The arrow hits the centaur.
You drain the centaur.
The centaur is almost dead.
The centaur hits you. The centaur closely misses you. x2
The centaur kicks you but does no damage.
You shoot an arrow. The arrow hits the centaur.
You kill the centaur!
Your Ranged Weapons skill increases to level 9!
You have reached level 5!
You start resting.
HP restored.
Things that are here:
a +0 shortbow; a +0 dagger; a kobold corpse Menkaure, Prince of Dust comes into view.
Enter note: You shoot an arrow.
The arrow hits Menkaure!
Menkaure is heavily damaged.
Menkaure calls on the powers of darkness!
Your body is wracked with pain!
You shoot an arrow.
The arrow hits Menkaure but does no damage.
Menkaure is moderately damaged.
You shoot an arrow. The arrow hits Menkaure.
Menkaure is heavily damaged.
You shoot an arrow. The arrow hits Menkaure.
Menkaure is heavily damaged.
You shoot an arrow.
The arrow hits Menkaure but does no damage.
Menkaure is heavily damaged.
You shoot an arrow. The arrow hits Menkaure!
Menkaure is almost destroyed.
Menkaure hits you!!
Ouch! That really hurt!
You die...

. #. .. .#### .. .....
#. ################
#.###.............).
#.M@...#############
#####).###.......#
#.............#
##.####.####...###
..####..##.....##.....#
<.......#.......#.....#
..####..#.......#.....#
............_.........'
..#####.#.......#.....#


You could see Menkaure.

Vanquished Creatures
  A centaur (D:4)
  A jelly (D:2)
  4 adders (D:2)
  A worm (D:2)
  6 endoplasms
  A giant cockroach (D:1)
  5 goblins
  5 hobgoblins
  A jackal (D:1)
  4 kobolds
  2 quokkas (D:2)
  5 ball pythons
  3 bats
  2 frilled lizards
41 creatures vanquished.

Notes
Turn   | Place    | Note
-------+----------+-------------------------------------------
     0 | D:1      | qw the Deep Elf Hunter began the quest for the Orb.
     0 | D:1      | Reached XP level 1. HP: 12/12 MP: 3/3
     0 | D:1      | 0 ||| qw: Version: 0.3-a-9-g12657ce
     0 | D:1      | 0 ||| qw: Game counter: 2170
     0 | D:1      | 0 ||| qw: Always use a shield: true
     0 | D:1      | 0 ||| qw: God list: Okawaru
     0 | D:1      | 0 ||| qw: Allow faded altars: false
     0 | D:1      | 0 ||| qw: Do Orc after D:15 true
     0 | D:1      | 0 ||| qw: Do second Lair branch before Depths: true
     0 | D:1      | 0 ||| qw: Lair rune preference: random
     0 | D:1      | 0 ||| qw: Plans: Normal
     0 | D:1      | 0 ||| PLANNING D:1-11
   113 | D:1      | Reached XP level 2. HP: 16/16 MP: 4/4
   114 | D:1      | Reached skill level 6 in Ranged Weapons
   489 | D:1      | 489 ||| READING scroll labelled NOIGGIZ BIFFE.
   490 | D:1      | 490 ||| DROPPING scroll of butterflies.
   578 | D:2      | Reached XP level 3. HP: 20/20 MP: 5/5
   673 | D:2      | Reached skill level 7 in Ranged Weapons
   681 | D:2      | Reached XP level 4. HP: 25/25 MP: 6/6
  1179 | D:2      | Reached skill level 8 in Ranged Weapons
  1210 | D:2      | 1210 ||| UPGRADING to +0 ring mail.
  1220 | D:2      | 1220 ||| DROPPING +0 leather armour.
  1221 | D:2      | 1221 ||| READING scroll labelled GUTTEK INOG.
  1222 | D:2      | 1222 ||| READING scroll labelled VIT JAN ROOMAMM.
  1223 | D:2      | 1223 ||| READING scroll labelled QEEHYU RYTYUGI.
  1227 | D:2      | 1227 ||| DRINKING 2 inky potions.
  1235 | D:3      | You fall into a shaft and drop 1 floor!
  1338 | D:4      | Found an opulent altar of Gozag.
  1358 | D:4      | Noticed a centaur
  1361 | D:4      | Killed a centaur
  1362 | D:4      | Reached skill level 9 in Ranged Weapons
  1362 | D:4      | Reached XP level 5. HP: 28/29 MP: 7/7
  1371 | D:4      | Noticed Menkaure
  1377 | D:4      | Slain by Menkaure

Levels and vault maps discovered:
D:1:      tarquinn_simple_flora_water_a, layout_rooms, minmay_box_of_dots
D:2:      layout_basic
D:3:      layout_basic, grunt_temple_overflow_cloverleaf,
          basic_ecumenical_altar, nicolae_titane
D:4:      layout_basic, old_standard_altar, minmay_temple_entry_wispy,
          minmay_crystal_room, uniq_menkaure

Skill      XL: |  1  2  3  4 |
---------------+-------------+-----
Ranged Weapons | 6 7 9 |  9.0
Fighting       | |  1.5
Dodging        | |  2.4
Stealth        | |  1.2

Action                     |  1- 3 |  4- 6 || total
---------------------------+-------+-------++-------
   Fire: Shortbow          |    61 |    41 ||   102
    Use: Scroll            |     1 |     3 ||     4
         Potion            |       |     1 ||     1
 Armour: Leather armour    |     9 |     1 ||    10
         Ring mail         |       |     1 ||     1
  Dodge: Dodged            |    13 |     9 ||    22

Table legend:
 A = Non-vault XP
 B = Vault XP
 C = Vault XP percentage of total XP
 D = Non-vault monster count
 E = Vault monster count
 F = Vault count percentage of total count
                 A         B        C        D         E       F
            +---------+---------+-------+---------+---------+-------
      Total |     269 |       6 |   2.2 |      38 |       3 |   7.3
            +---------+---------+-------+---------+---------+-------
        D:1 |      26 |       6 |  18.8 |      15 |       3 |  16.7
        D:2 |     121 |       0 |   0.0 |      20 |       0 |   0.0
        D:4 |     122 |       0 |   0.0 |       3 |       0 |   0.0
            +---------+---------+-------+---------+---------+-------
